 Dungeon Crawl Stone Soup version 0.30-a0-373-gd37427bb62 (webtiles) character file.

Game seed: 13396238707230868175

2957 greenreed the Ogre Mage (level 9, -2/80 HPs)
             Began as an Ogre Necromancer on Nov 24, 2022.
             Was a Follower of Nemelex Xobeh.
             Killed by the air
             ... invoked by Gastronok
              (25 damage)
             ... on level 8 of the Dungeon.
             The game lasted 00:20:53 (9267 turns).

greenreed the Ogre Mage (Ogre Necromancer)          Turns: 9267, Time: 00:20:54

Health: -2/80      AC:  3    Str: 14    XL:     9   Next: 81%
Magic:  31/31      EV: 10    Int: 20    God:    Nemelex Xobeh [*.....]
Gold:   275        SH:  0    Dex:  9    Spells: 13/27 levels left

rFire   . . .      SeeInvis .    E - +1 whip (holy)
rCold   + . .      Faith    .    (no shield)
rNeg    . . .      Spirit   .    a - +0 robe
rPois   .          Reflect  .    (helmet restricted)
rElec   .          Harm     .    (no cloak)
rCorr   .          Rampage  .    (gloves unavailable)
Will    .....                    (boots unavailable)
Stlth   +.........               (no amulet)
HPRegen 0.33/turn                d - ring of protection from cold
MPRegen 0.22/turn                B - ring of magical power

@: no status effects
A: large, unfitting armour, tough skin 1
a: Renounce Religion, Draw Escape, Draw Destruction, Draw Summoning


You were on level 8 of the Dungeon.
You worshipped Nemelex Xobeh.
Nemelex Xobeh was aware of your devotion.
You visited 2 branches of the dungeon, and saw 9 of its levels.

You collected 392 gold pieces.
You spent 117 gold pieces at shops.

Inventory:

Hand Weapons
 n - a +0 hand axe
 E - a +1 whip of holy wrath (weapon)
Missiles
 f - 16 poisoned darts
 y - a throwing net
Armour
 a - a +0 robe (worn)
Jewellery
 d - a ring of protection from cold (left hand)
 B - a ring of magical power (right hand)
 D - a ring of protection from cold
 I - a +6 ring of dexterity
 J - a ring of fire
Wands
 k - a wand of roots (8)
 s - a wand of flame (75)
Scrolls
 c - 3 scrolls of noise {unknown}
 g - 2 scrolls of fear {unknown}
 h - 5 scrolls of identify {unknown}
 i - a scroll of blinking {unknown}
 m - a scroll of acquirement {unknown}
 q - a scroll of amnesia {unknown}
 t - 3 scrolls of immolation {unknown}
 v - 3 scrolls of teleportation {unknown}
 w - 3 scrolls of vulnerability {unknown}
 x - a scroll of summoning {unknown}
 A - a scroll of enchant armour {unknown}
 F - 2 scrolls of poison {unknown}
 G - a scroll of brand weapon {unknown}
 K - a scroll of magic mapping {unknown}
Potions
 b - a potion of magic
 e - a potion of heal wounds
 j - 2 potions of resistance
 l - a potion of ambrosia {unknown}
 o - a potion of cancellation {unknown}
 p - 3 potions of flight
 r - 2 potions of mutation {unknown}
 u - 3 potions of attraction
 z - 2 potions of lignification {unknown}
 C - 2 potions of curing
 H - a potion of might {unknown}


   Skills:
 + Level 2.4 Fighting
 + Level 0.1(0.7) Axes
 + Level 1.1 Maces & Flails
 + Level 2.3 Dodging
 + Level 1.4 Stealth
 + Level 0.2 Unarmed Combat
 * Level 9.9 Spellcasting
 * Level 1.4 Conjurations
 + Level 8.7 Necromancy
 * Level 3.3 Invocations


You had 13 spell levels left.
You knew the following spells:

 Your Spells              Type           Power      Damage    Failure   Level
a - Necrotise             Necr           100%       1d9       1%          1
b - Vampiric Draining     Necr           44%        2d9       1%          3
c - Animate Dead          Necr           44%        N/A       1%          4
d - Iskenderun's Mystic   Conj/Tloc      12%        2d5       45%         4
e - Searing Ray           Conj           30%        2d5       6%          2

Your spell library contained the following spells:

 Spells                   Type           Power      Damage    Failure   Level
 Sublimation of Blood     Necr           44%        N/A       1%          2
 Magic Dart               Conj           60%        1d6       3%          1
 Agony                    Necr           44%        N/A       5%          5
 Slow                     Hex            36%        N/A       7%          1
 Call Canine Familiar     Summ           9%         N/A       22%         3
 Confusing Touch          Hex            9%         N/A       22%         3
 Ignite Poison            Fire/Tmut/Pois 9%         N/A       22%         3
 Ozocubu's Armour         Ice            9%         N/A       22%         3
 Portal Projectile        Hex/Tloc       18%        N/A       22%         3
 Fulminant Prism          Conj/Hex       6%         3d7       45%         4
 Leda's Liquefaction      Hex/Erth       4%         N/A       56%         4
 Petrify                  Tmut/Erth      9%         N/A       56%         4
 Fireball                 Conj/Fire      6%         3d5       82%         5
 Irradiate                Conj/Tmut      6%         3d13      82%         5
 Simulacrum               Ice/Necr       13%        N/A       87%         6
 Metabolic Englaciation   Hex/Ice        4%         N/A       89%         5


Dungeon Overview and Level Annotations

Branches:
Dungeon (8/15)             Temple (1/1) D:4
   Lair: D:8-11

Altars:
Dithmenos
Fedhas
Gozag
Hepliaklqana
Nemelex Xobeh
Okawaru
Qazlal
Ru
Sif Muna
Trog
Uskayaw
Vehumet
Wu Jian
Xom
Yredelemnul
Zin
The Shining One

Shops:
D:8 !

Annotations:
D:6 Grinder
D:8 Gastronok


Innate Abilities, Weirdness & Mutations

You are too large for most types of armour.
You have tough skin. (AC +1)


Message History

Found 13 gold pieces.
The sky beast writhes in agony.
Really fire in your water moccasin zombie's direction?
Okay, then.
The sky beast misses your water moccasin zombie.
Your water moccasin zombie bites the sky beast.
Your water moccasin zombie closely misses the sky beast.
Gastronok the Ponderous comes into view.
He is wearing a +1 hat of intelligence.
Gastronok gurgles horribly!
Your water moccasin zombie bites the sky beast but does no damage.
The sky beast hits you. The sky beast shocks you.
Your water moccasin zombie bites the sky beast.
You miss the sky beast.
The sky beast is heavily wounded.
Your water moccasin zombie bites the sky beast.
The sky beast hits you. The sky beast shocks you.
Your water moccasin zombie bites the sky beast but does no damage.
Your water moccasin zombie bites the sky beast.
You completely miss the sky beast.
The sky beast is almost dead.
Your water moccasin zombie bites the sky beast.
The sky beast dies!
Your Invocations skill increases to level 3!
Gastronok looks at you and mumbles some strange words.
Your water moccasin zombie seems to slow down.
Your water moccasin zombie bites Gastronok.
Your water moccasin zombie bites Gastronok.
Gastronok waves his eye-stalks in wide circles.
The air twists around and strikes you!!!
Ouch! That really hurt!
* * * LOW HITPOINT WARNING * * *
Your water moccasin zombie bites Gastronok.
Your water moccasin zombie bites Gastronok but does no damage.
Your water moccasin zombie bites Gastronok. x2
Gastronok bites your water moccasin zombie!
There is a stone staircase leading up here.
Gastronok waves his eye-stalks in wide circles.
The air twists around and strikes you!!
You die...
Your body disappears without a glow.

#..#......./....#
##....w......>...#
#............#..#
..##......Z...##.#
.................###
.........Z.........#
.###..#........?.###
#..##8#...#....#
..#.. #.#....@..##
#... #<#........#
#...###.#........#
.......∩.........#
...........####..#
.#.....8..###....#
##.............##
.....^...........
.##.###...##.....


You could see Gastronok (ally target) and 2 friendly water moccasin zombies.

Vanquished Creatures
  A komodo dragon (D:6)
  A wyvern (D:7)
  3 water moccasins (D:8)
  2 black bears
  An ice beast (D:7)
  A centaur (D:6)
  3 phantoms
  A kobold brigand (D:5)
  2 bullfrogs (D:6)
  A necrophage (D:6)
  3 scorpions
  5 jellies
  4 orc priests
  A gnoll bouda (D:4)
  4 iguanas
  Natasha (twice) (D:2)
  3 orc wizards
  15 gnolls
  8 adders
  3 white imps
  An ufetubus (D:6)
  A worm (D:3)
  17 orcs
  5 endoplasms
  2 giant cockroaches
  12 goblins
  9 hobgoblins
  2 quokkas
  7 ball pythons
  12 bats
  2 frilled lizards (D:3)
  9 kobolds
  A rat (D:2)
144 creatures vanquished.

Vanquished Creatures (collateral kills)
  A water moccasin (D:5)
  2 sky beasts
  Natasha (D:2)
  A gnoll (D:7)
  A dart slug (D:1)
  An orc (D:7)
  An endoplasm (D:2)
  A goblin (D:4)
  2 quokkas
  A frilled lizard (D:3)
  A rat (D:3)
13 creatures vanquished.

Vanquished Creatures (others)
  2 orc zombies (D:7)
2 creatures vanquished.

Grand Total: 159 creatures vanquished

Notes
Turn   | Place    | Note
-------+----------+-------------------------------------------
     0 | D:1      | greenreed the Ogre Necromancer began the quest for the Orb.
     0 | D:1      | Reached XP level 1. HP: 16/16 MP: 3/3
   302 | D:1      | Reached XP level 2. HP: 24/24 MP: 1/5
   731 | D:1      | Reached skill level 3 in Spellcasting
  1319 | D:2      | Reached XP level 3. HP: 31/31 MP: 4/7
  1388 | D:2      | Noticed Natasha
  1393 | D:2      | Killed Natasha
  1394 | D:2      | Reached XP level 4. HP: 38/39 MP: 2/9
  2275 | D:2      | Noticed Natasha
  2281 | D:2      | Killed Natasha
  2351 | D:2      | Noticed Natasha
  2359 | D:2      | Killed Natasha
  2360 | D:2      | Reached skill level 4 in Spellcasting
  2360 | D:2      | Reached XP level 5. HP: 38/45 MP: 0/11
  2536 | D:3      | Found a stormy altar of Qazlal.
  2544 | D:3      | Reached skill level 5 in Necromancy
  2723 | D:3      | Learned a level 3 spell: Vampiric Draining
  3040 | D:3      | Got the Incunabulum of Dislocation and the Blaze
  3247 | D:3      | Reached XP level 6. HP: 44/53 MP: 1/13
  3657 | D:4      | You fall into a shaft and drop 2 floors!
  3664 | D:5      | Entered Level 5 of the Dungeon
  3683 | D:5      | Noticed a water moccasin
  3689 | D:5      | Killed a water moccasin
  3690 | D:5      | Reached skill level 5 in Spellcasting
  3915 | D:6      | Found a sparkling altar of Nemelex Xobeh.
  4029 | D:6      | Reached XP level 7. HP: 61/61 MP: 5/15
  4124 | D:5      | Reached skill level 6 in Spellcasting
  4478 | D:6      | Noticed Grinder
  4607 | D:6      | Reached skill level 7 in Spellcasting
  4814 | D:6      | Reached XP level 8. HP: 66/68 MP: 6/18
  4902 | D:6      | Noticed a komodo dragon
  5183 | D:4      | Found a staircase to the Ecumenical Temple.
  5192 | Temple   | Entered the Ecumenical Temple
  5443 | D:4      | Found a bloodstained altar of Trog.
  6466 | D:5      | Reached skill level 8 in Spellcasting
  6563 | D:6      | Killed a komodo dragon
  6565 | D:6      | Became a worshipper of Nemelex Xobeh the Trickster
  7051 | D:6      | Reached XP level 9. HP: 47/75 MP: 21/21
  7151 | D:6      | Reached skill level 1 in Fighting
  7342 | D:6      | Reached skill level 9 in Spellcasting
  7544 | D:6      | Learned a level 4 spell: Animate Dead
  7549 | D:6      | Learned a level 4 spell: Iskenderun's Mystic Blast
  7936 | D:7      | Reached skill level 1 in Maces & Flails
  7936 | D:7      | Reached skill level 1 in Invocations
  7940 | D:7      | Found a shimmering blue altar of Sif Muna.
  7971 | D:7      | Reached skill level 1 in Conjurations
  8110 | D:7      | Learned a level 2 spell: Searing Ray
  8803 | D:8      | Reached * piety under Nemelex Xobeh
  9230 | D:8      | Found Poceorph's Distillery.
  9233 | D:8      | Received a gift from Nemelex Xobeh
  9238 | D:8      | Bought a potion of attraction for 39 gold pieces
  9238 | D:8      | Bought a potion of curing for 39 gold pieces
  9238 | D:8      | Bought a potion of flight for 39 gold pieces
  9250 | D:8      | Noticed Gastronok
  9267 | D:8      | Killed from afar by Gastronok

Illustrated notes

Levels and vault maps discovered:
D:1:      heliophobic_arrival_henge, layout_basic
D:2:      layout_loops_corners, kennysheep_doodads, uniq_natasha
D:3:      layout_loops_ring, mainiacjoe_overflow_paths, minmay_liquid_box,
          minmay_misc_feat_more_columns, grunt_ministairs_9
D:4:      layout_basic, trog_hazing_becter, minmay_temple_entry_wispy
D:5:      layout_cave_pools
D:6:      minmay_razor_zed, layout_gridville, overflow_temple_1_default,
          nicolae_figureground_sparkle, uniq_grinder
D:7:      layout_loops_ring, general_overflow_altar
D:8:      layout_cave_pools, serial_shops, shop_statue, uniq_gastronok
Temple:   nicolae_temple_bog_church

Skill      XL: |  1  2  3  4  5  6  7  8  9 |
---------------+----------------------------+-----
Spellcasting   | 3 4 5 7 8 9 |  9.9
Necromancy     | 4 5 6 8 |  8.7
Fighting       | 2 |  2.4
Dodging        | 2 |  2.3
Maces & Flails | 1 |  1.1
Invocations    | 3 |  3.3
Conjurations   | 1 |  1.4
Axes           | |  0.1
Stealth        | |  1.4
Unarmed Combat | |  0.2

Action                   |  1- 3 |  4- 6 |  7- 9 || total
-------------------------+-------+-------+-------++-------
Melee: Unarmed           |    18 |    16 |       ||    34
       Punch             |       |     1 |       ||     1
       Hand axe          |       |       |    15 ||    15
       Whip              |       |       |   115 ||   115
 Cast: Necrotise         |    47 |   133 |   158 ||   338
       Vampiric Draining |       |     6 |    37 ||    43
       Animate Dead      |       |       |     3 ||     3
  Use: Potion            |       |       |     2 ||     2
 Stab: Distracted        |       |       |     2 ||     2
Armor: Robe              |     3 |     8 |    46 ||    57
Dodge: Dodged            |    12 |    23 |   106 ||   141

Table legend: (Time is in decaauts)
 A = Elapsed time spent in this place.
 B = Non-inter-level travel time spent in this place.
 C = Inter-level travel time spent in this place.
 D = Time resting spent in this place.
 E = Time spent auto-exploring this place.
 F = Levels seen in this place.
 G = Mean time per level.
                   A        B        C        D        E       F      G
               +--------+--------+--------+--------+--------+-----+--------+
         Total |   9303 |   8982 |    321 |    949 |   6776 |   9 | 1033.7 |
       Dungeon |   9097 |   8797 |    300 |    949 |   6606 |   8 | 1137.1 |
        Temple |    206 |    185 |     21 |      0 |    169 |   1 |  206.0 |
               +--------+--------+--------+--------+--------+-----+--------+

Top non-repeatable levels by time:
     D:6: 2270 daAuts
     D:7: 1392 daAuts
     D:3: 1338 daAuts
     D:1: 1249 daAuts
     D:2: 1225 daAuts
     D:4: 1116 daAuts
     D:8: 328 daAuts
  Temple: 206 daAuts
     D:5: 175 daAuts
